← All builds
Suicide front / Armada / Factory first / OBSERVED BUILD

Standard suicide front

The role's default: factory first (mostly Bot Lab), pushing Rocketeer-led bot play into the middle to contest and hold the front, with an Advanced Metal Extractor around 9:36 as the natural transition.

Usually lab first (63%)

#raid #push · 1291 distinct matches · 127 players · 71% of Armada Suicide front games · team won 59% of 1529 · Recently observed

HOW TO PLAY IT

Key timing: Bot Lab by 0:20

  1. Open with mex and wind, drop Bot Lab immediately.
  2. Push out first "Centurion" as Pond's boost lands.
  3. Send "Rocketeer", "Centurion", "Pawn" mix to contest middle.
  4. Add Dragon's Teeth and Sentries to hold the line.
  5. Get Advanced Metal Extractor up as T2 nears.

Phase by phase

TYPICAL OF ITS 1291 GAMES
  1. 1
  2. 2
  3. 3
PLAY THE OPENING

Follow the example game's first 6:00 step by step: what to build now, what comes next, and where it goes. At 1× it keeps pace with your own game.

  1. 1

    Bot Lab first

    Order
    1. Bot LabBot Lab done ~0:20, middle half 0:20–0:33

    Some games also: mex (36%)

  2. 2

    Bot Lab to 5:00

    Economy
    • Metal Extractor5Mex
    • Wind Turbine4Wind
    Builders
    • Construction Bot3 Con bot
    • Lazarus2 Lazarus
    Army
    • Sentry4 Sentry
    • Rocketeer17 Rocketeer
    • Tick2 Tick
    • Centurion1 Centurion
    Other
    • Radar Tower1 Radar Tower

    Some games also: con turret (35%) · pawn (32%)

    By 5:00 in all: 5 mex · 4 wind

    The example game in this phase · 35 steps
    1. TickTick ×2
    2. Construction BotCon bot ×2
    3. SentrySentry
    4. Mex
    5. LazarusLazarus
    6. Mex
    7. PawnPawn
    8. CenturionCenturion
    9. SentrySentry
    10. Mex
    11. SentrySentry
    12. Construction BotCon bot
    13. SentrySentry
    14. Mex
    15. LazarusLazarus
    16. BeamerBeamer
    17. Wind
    18. Construction BotCon bot
    19. Mex
    20. Wind
    21. Radar TowerRadar Tower
    22. BeamerBeamer
    23. CenturionCenturion
    24. Wind ×3
    25. RocketeerRocketeer
    26. BeamerBeamer
    27. Wind
    28. RocketeerRocketeer
    29. Energy storage
    30. TickTick
    31. LazarusLazarus
    32. CenturionCenturion
    33. PawnPawn ×2
    34. Sneaky PeteSneaky Pete
    35. PawnPawn
  3. 3

    5:00 to 10:00

    Economy
    • Metal Extractor1Mex
    • Wind Turbine17Wind
    Builders
    • Construction Turret2 Con turret
    • Lazarus2 Lazarus
    • Construction Bot1 Con bot
    Army
    • Sentry1 Sentry
    • Rocketeer8 Rocketeer
    • Pawn1 Pawn

    Some games also: tick (47%) · energy storage (46%) · Radar Tower (46%) · centurion (45%) · Beamer (39%)

    By 10:00 in all: 6 mex · 23 wind · 1 energy storage · 3 con turret

    The example game in this phase · 142 steps
    1. PawnPawn ×2
    2. Con turret
    3. PawnPawn ×2
    4. Con turret
    5. PawnPawn ×3
    6. BeamerBeamer
    7. Mex
    8. PawnPawn ×2
    9. SentrySentry
    10. PawnPawn ×5
    11. Con turret
    12. PawnPawn
    13. SentrySentry
    14. Con turret
    15. PawnPawn
    16. SentrySentry
    17. PawnPawn
    18. BeamerBeamer
    19. PawnPawn ×3
    20. Wind
    21. PawnPawn
    22. Wind
    23. PawnPawn
    24. BeamerBeamer
    25. PawnPawn
    26. Wind
    27. PawnPawn ×2
    28. Wind
    29. PawnPawn
    30. Converter
    31. PawnPawn
    32. Radar TowerRadar Tower
    33. PawnPawn
    34. Wind
    35. PawnPawn
    36. Wind
    37. PawnPawn ×2
    38. BeamerBeamer
    39. Wind
    40. PawnPawn
    41. Wind
    42. PawnPawn ×2
    43. Sneaky PeteSneaky Pete
    44. Wind
    45. PawnPawn ×2
    46. Converter
    47. PawnPawn
    48. Wind
    49. PawnPawn
    50. Wind
    51. PawnPawn
    52. Wind
    53. BeamerBeamer
    54. PawnPawn ×2
    55. Wind
    56. BeamerBeamer
    57. LazarusLazarus
    58. Advanced Metal ExtractorT2 mexdone 10:54 · typical 9:36
    59. Converter
    60. LazarusLazarus
    61. Wind ×2
    62. LazarusLazarus
    63. Wind
    64. BeamerBeamer
    65. Wind
    66. LazarusLazarus
    67. Converter
    68. PawnPawn
    69. Advanced Metal ExtractorT2 mex
    70. PawnPawn
    71. BeamerBeamer
    72. Wind
    73. PawnPawn
    74. Wind
    75. PawnPawn ×2
    76. Wind
    77. PawnPawn
    78. Mex
    79. PawnPawn
    80. Wind
    81. PawnPawn
    82. Advanced Metal ExtractorT2 mex
    83. Mex
    84. Converter
    85. PawnPawn
    86. Mex
    87. PawnPawn
    88. Wind
    89. PawnPawn
    90. Wind
    91. PawnPawn
    92. Wind
    93. PawnPawn
    94. Wind
    95. Solar
    96. PawnPawn
    97. Converter
    98. PawnPawn
    99. BeamerBeamer
    100. PawnPawn
    101. Wind
    102. PawnPawn
    103. Wind
    104. PawnPawn ×4
    105. Wind
    106. PawnPawn
    107. BeamerBeamer
    108. PawnPawn
    109. Wind
    110. LazarusLazarus
    111. Converter
    112. LazarusLazarus
    113. PawnPawn
    114. Wind
    115. PawnPawn
    116. Wind
    117. PawnPawn ×3
    118. Wind
    119. BeamerBeamer
    120. PawnPawn ×2
    121. Wind
    122. PawnPawn
    123. Converter
    124. PawnPawn ×2
    125. Wind
    126. PawnPawn ×2
    127. Wind
    128. PawnPawn ×3
    129. Wind
    130. PawnPawn ×2
    131. Wind
    132. PawnPawn
    133. Advanced Metal ExtractorT2 mex
    134. Wind
    135. PawnPawn ×2
    136. Converter
    137. PawnPawn ×2
    138. Wind
    139. PawnPawn
    140. Wind
    141. PawnPawn
    142. Wind

Counts are medians over the build's games: half of them build more, half fewer. The example game is Soliloqueur's (40 OS, 27/09/2026); pick another.

Team trades

IN AT LEAST 30% OF ITS GAMES

You hand over

Nothing regular.

You get

  • Tidal Generator4 Tidal from Pondfirst at 0:10 · in 69% of games
  • Advanced Construction Bot1 T2 con bot from Geo or Techfirst at 7:30 · in 59% of games

How it plays out

Typical game of this build, running totals by minute

Metal produced

010k20k30k
0:005:0010:0015:00

metal

Enemy metal destroyed

05k10k
0:005:0010:0015:00

metal

Own metal lost

05k10k
0:005:0010:0015:00

metal

1529 games.

Show as table
ByMetal produced: This buildEnemy metal destroyed: This buildOwn metal lost: This build
1:0022600
2:0088800
3:002051180106
4:003161658496
5:00424314131026
6:00543322981789
7:00667031752710
8:00792040313619
9:00931747964495
10:001069954265316
11:001226559036054
12:001411365126830
13:001622270137536
14:001810976968373
15:002046683299249
WHAT THE NUMBERS SAY

Standard suicide front play wins slightly more than half its games with fast kills but also fast losses, matching the raw grind of the role.

  • + First kill lands by 2:04 in all games
  • + Metal produced reaches 19882 by 15:00
  • − Own metal lost hits 9208 by 15:00, near metal destroyed of 8172
  • − First unit lost as early as 2:08 in every game
THE EXAMPLE YOU ARE READING

Soliloqueur

39.7 OS · 27/09/2026

Open source match ↗

49 received units · includes a constructor
60 metal received · 25298 energy received

Allied construction assistance is unknown. Timings are observations, not a promise of solo reproducibility.

Typical milestones

Bot Lab0:20Middle 50%: 0:20–0:33 · n=1522
Advanced Metal Extractor9:36Middle 50%: 8:41–10:48 · n=1128

Played most by

_X_253games of this buildPlatinumBlonde181games of this buildXad120games of this buildImmort73games of this buildwatermeloans60games of this build